 Dungeon Crawl Stone Soup version 0.30-a0-34-gbe8da3892a (webtiles) character file.

Game seed: 11008587840902191892

632 ytrimaz the Magician (level 7, -4/44 (51) HPs)
             Began as an Octopode Transmuter on Aug 27, 2022.
             Slain by a wight
             ... wielding a +1 great sword
              (5 damage)
             ... on level 5 of the Dungeon.
             The game lasted 00:06:10 (5691 turns).

ytrimaz the Magician (Octopode Transmuter)          Turns: 5691, Time: 00:06:10

HP:   -4/44 (51)    AC:  6    Str: 15    XL:     7   Next: 49%
MP:   6/13          EV: 10    Int: 18    God:
Gold: 93            SH:  0    Dex: 17    Spells: 5/15 levels left

rFire   . . .      SeeInvis .      - Unarmed
rCold   + + +      Faith    .    (shield currently unavailable)
rNeg    . . .      Spirit   .    (helmet currently unavailable)
rPois   +          Reflect  .    (no amulet)
rElec   +          Harm     .    c - +6 ring of strength
rCorr   .          Rampage  .    a - ring of protection from fire
Will    .....                    f - ring of Midsummer {rElec rPois rC+ Dex+5}
Stlth   ++........               (no ring)
HPRegen 0.14/turn                (no ring)
MPRegen 0.13/turn                (no ring)
                                 (no ring)
                                 (no ring)

@: ice-form, hasted, heavily drained, very quick
A: freezing attack, boosted hp, almost no armour, amphibious, 8 rings, large,
(camouflage 1), (gelatinous body 1), (nimble swimmer 1), (tentacles)
a: End Transformation


You were on level 5 of the Dungeon.
You were a creature of crystalline ice.
You visited 1 branch of the dungeon, and saw 5 of its levels.

You collected 233 gold pieces.
You spent 140 gold pieces at shops.

Inventory:

Jewellery
 a - a ring of protection from fire (right front paw)
 c - a +6 ring of strength (left front paw)
 f - the ring of Midsummer (on tentacle) {rElec rPois rC+ Dex+5}
   (You bought it in a shop on level 4 of the Dungeon)

   [ring of poison resistance]

   Dex:       It affects your dexterity (+5).
   rC:        It protects you from cold.
   rElec:     It insulates you from electricity.
   rPois:     It protects you from poison.
Scrolls
 k - a scroll of vulnerability
Potions
 e - a potion of mutation
 i - 2 potions of cancellation {unknown}
 j - a potion of berserk rage {unknown}


   Skills:
 - Level 1.0 Fighting
 - Level 2.0 Dodging
 - Level 4.1 Unarmed Combat
 + Level 4.5 Spellcasting
 + Level 4.5 Transmutations
 * Level 1.2 Ice Magic
 - Level 4.0 Poison Magic


You had 5 spell levels left.
You knew the following spells:

 Your Spells              Type           Power      Damage    Failure   Level
a - Ice Form              Ice/Tmut       14%        N/A       38%         4
b - Wereblood             Tmut           20%        N/A       3%          2
c - Spider Form           Tmut/Pois      19%        N/A       7%          3
d - Beastly Appendage     Tmut           40%        N/A       2%          1

Your spell library contained the following spells:

 Spells                   Type           Power      Damage    Failure   Level
 Static Discharge         Conj/Air       8%         3-4/arc   22%         2
 Lightning Bolt           Conj/Air       2%         1d13      98%         5
 Maxwell's Capacitive Co  Air            2%         ∞         100%        8


Dungeon Overview and Level Annotations

Branches:
Dungeon (5/15)
 Temple: D:4-7

Altars:
Cheibriados
Hepliaklqana

Shops:
D:4 (*

Annotations:
D:3 3 runed translucent doors, Adrian566's ghost, amateur OpFi; captainnarwhal's ghost, amateur HOBe; sirJeffrey23's ghost, weakling HOMo; siradein's ghost, amateur HOFi; timneilson's ghost, amateur GrFi


Innate Abilities, Weirdness & Mutations

You are a creature of crystalline ice.
You have a powerful freezing melee attack.
Your maximum health is increased.
Your armour is entirely melded.
You are incapable of wielding weapons or throwing items.
You cannot wear most types of armour.
You are amphibious.
You can wear up to eight rings at the same time.
((Your skin changes colour to match your surroundings (Stealth+).))
((Your rubbery body absorbs attacks. (AC +1, EV +1)))
((You are camouflaged when in or above water. (Stealth+)))
((You have tentacles for arms and can constrict up to eight enemies at once.))


Message History

The spell is extremely dangerous to miscast (38% risk of failure)!
Continue anyway?
Okay, then.
Casting: Ice Form (extremely dangerous; 38% risk of failure)
Confirm with . or Enter, or press ? or * to list all spells.
The spell is extremely dangerous to miscast (38% risk of failure)!
Continue anyway?
You miscast Ice Form.
You are very lightly contaminated with residual magic.
Nothing appears to happen.
Casting: Ice Form (extremely dangerous; 38% risk of failure)
Confirm with . or Enter, or press ? or * to list all spells.
The spell is extremely dangerous to miscast (38% risk of failure)!
Continue anyway?
You turn into a creature of crystalline ice.
You climb downwards.
The wight completely misses you. The wight hits you with a +3 mace!
You feel drained.
There is a stone staircase leading up here.
You hit the wight but do no damage. The wight hits you with a +3 mace.
You hit the wight but do no damage.
The wight hits you with a +1 great sword!
* * * LOW HITPOINT WARNING * * *
The wight hits you with a +3 mace!
* * * LOW HITPOINT WARNING * * *
Unknown command.
Okay, then.
You feel much better.
The wight hits you with a +1 great sword!
* * * LOW HITPOINT WARNING * * *
You feel drained.
* * * LOW HITPOINT WARNING * * *
The wight completely misses you.
Your magical contamination has completely faded away.
The wight attacks as you move away! The wight hits you with a +3 mace.
* * * LOW HITPOINT WARNING * * *
You feel drained.
* * * LOW HITPOINT WARNING * * *
The wight attacks as you move away! The wight closely misses you.
A jelly comes into view.
Okay, then.
It was a potion of haste.
You feel yourself speed up.
The wight hits you with a +1 great sword.
You die...

#.#.. ...#.#
##....## .
#..#...# ..
..#...# #....## .
#.....#### .
....##.z<#..J..
.......Yz..# ..
### .........#.#
#.#. ..
.....#####...
...#### .... ...
..#... ...
###.####....# ..
######......#.# .
..... #....##
.###....## #......
..#..##..###....##


You could see a jelly (asleep) and 2 wights.

Vanquished Creatures
  Sigmund (D:3)
  A water moccasin (D:5)
  A phantom (D:4)
  A jelly (D:4)
  An iguana (D:4)
  An orc wizard (D:4)
  Robin (D:2)
  4 gnolls (D:2)
  7 adders
  2 worms
  A dart slug (D:4)
  4 orcs
  11 ball pythons
  4 endoplasms
  3 giant cockroaches
  19 goblins
  5 hobgoblins
  4 jackals (D:2)
  6 quokkas
  8 bats
  A frilled lizard (D:3)
  3 kobolds
  6 rats
95 creatures vanquished.

Vanquished Creatures (others)
  2 plants (D:1)
2 creatures vanquished.

Grand Total: 97 creatures vanquished

Notes
Turn   | Place    | Note
-------+----------+-------------------------------------------
     0 | D:1      | ytrimaz the Octopode Transmuter began the quest for the
                  | Orb.
     0 | D:1      | Reached XP level 1. HP: 13/13 MP: 3/3
   128 | D:1      | Reached XP level 2. HP: 12/18 MP: 5/5
   760 | D:1      | Reached XP level 3. HP: 19/23 MP: 4/6
   764 | D:1      | Learned a level 3 spell: Spider Form
   767 | D:1      | Learned a level 2 spell: Wereblood
  1273 | D:1      | Found a faded altar of an unknown god.
  1476 | D:2      | Noticed Robin
  1494 | D:2      | Reached skill level 1 in Poison Magic
  1499 | D:2      | Killed Robin
  1500 | D:2      | HP: 1/23 [goblin/+0 club[Robin] (3)]
  1506 | D:2      | Reached XP level 4. HP: 14/28 MP: 7/7
  2029 | D:2      | Reached XP level 5. HP: 21/33 MP: 5/9
  2899 | D:3      | Found a runed translucent gate.
  2899 | D:3      | Found a runed translucent gate.
  2899 | D:3      | Found a runed translucent gate.
  2902 | D:3      | Noticed sirJeffrey23's ghost (weakling HOMo)
  2902 | D:3      | Noticed Adrian566's ghost (amateur OpFi)
  2903 | D:3      | Noticed timneilson's ghost (amateur GrFi)
  2903 | D:3      | Noticed siradein's ghost (amateur HOFi)
  2903 | D:3      | Noticed captainnarwhal's ghost (amateur HOBe)
  2984 | D:3      | Noticed Sigmund
  3009 | D:3      | Killed Sigmund
  3010 | D:3      | Reached XP level 6. HP: 16/38 MP: 9/11
  3545 | D:3      | Learned a level 4 spell: Ice Form
  3584 | D:3      | Identified the +1 buckler of Quoreoji {rElec Int+2}
  3776 | D:4      | Found Cautust's Assorted Antiques.
  3785 | D:4      | Bought a wavering golden ring for 140 gold pieces
  3785 | D:4      | Identified the ring of Midsummer {rElec rPois rC+ Dex+5}
                  | (You bought it in a shop on level 4 of the Dungeon)
  3832 | D:4      | Reached XP level 7. HP: 38/43 MP: 8/13
  4362 | D:4      | Found Huicezas's Antique Weapon Boutique.
  4491 | D:4      | Found a snail-covered altar of Cheibriados.
  4607 | D:4      | Found a hazy altar of Hepliaklqana.
  4912 | D:5      | Entered Level 5 of the Dungeon
  4944 | D:5      | Reached skill level 1 in Ice Magic
  5688 | D:5      | HP: 2/49 [wight/+3 mace (10)]
  5691 | D:5      | Slain by a wight

Illustrated notes

Levels and vault maps discovered:
D:1:      lemuel_arrival_room, layout_loops_ring,
          shapermc_ecumenical_altar_mp_urbaneastern, serial_forest,
          infiniplex_forest_side_room, infiniplex_forest_lined_ring,
          infiniplex_forest_corner_1, infiniplex_forest_clump_small,
          minmay_statues_item, st_stairs_13, grunt_decor_mini_mirrors
D:2:      layout_loops_cross, uniq_robin
D:3:      layout_rooms, gammafunk_ghost_cemetery, hangedman_glass_teeth,
          uniq_sigmund
D:4:      layout_loops_ring, cheibrodos_worm_habitat,
          mainiacjoe_overflow_surrounded_room, serial_shops, shop, shop,
          kennysheep_nub
D:5:      layout_rooms, nicolae_elyvilon_temple_path, serial_park_tiny_1

Skill      XL: |  1  2  3  4  5  6  7 |
---------------+----------------------+-----
Unarmed Combat | 4 |  4.1
Poison Magic   | 1 2 3 4 |  4.0
Spellcasting   | 3 4 |  4.5
Transmutations | 3 4 |  4.5
Ice Magic      | 1 |  1.2
Fighting       | |  1.0
Dodging        | |  2.0

Action                   |  1- 3 |  4- 6 |  7- 9 || total
-------------------------+-------+-------+-------++-------
Melee: Unarmed           |    71 |   118 |    32 ||   221
       Constrict         |    20 |    14 |     1 ||    35
       Kick              |    11 |    12 |       ||    23
       Tentacles         |    14 |    12 |     1 ||    27
       Punch             |     2 |     2 |       ||     4
 Cast: Beastly Appendage |    18 |    16 |     4 ||    38
       Wereblood         |     1 |     1 |     2 ||     4
       Spider Form       |       |    12 |     8 ||    20
       Ice Form          |       |       |     1 ||     1
  Use: Scroll            |     2 |     3 |     5 ||    10
       Potion            |     2 |     3 |     4 ||     9
 Stab: Sleeping          |     3 |     2 |     1 ||     6
Armor: Skin              |    10 |    34 |     4 ||    48
Dodge: Dodged            |    52 |    75 |    30 ||   157

Table legend: (Time is in decaauts)
 A = Elapsed time spent in this place.
 B = Non-inter-level travel time spent in this place.
 C = Inter-level travel time spent in this place.
 D = Time resting spent in this place.
 E = Time spent auto-exploring this place.
 F = Levels seen in this place.
 G = Mean time per level.
                   A        B        C        D        E       F      G
               +--------+--------+--------+--------+--------+-----+--------+
         Total |   5674 |   5481 |    193 |    710 |   3901 |   5 | 1134.8 |
       Dungeon |   5674 |   5481 |    193 |    710 |   3901 |   5 | 1134.8 |
               +--------+--------+--------+--------+--------+-----+--------+

Top non-repeatable levels by time:
     D:4: 1933 daAuts
     D:1: 1467 daAuts
     D:2: 1303 daAuts
     D:3: 827 daAuts
     D:5: 141 daAuts
